 Dungeon Crawl Stone Soup version 0.21.1-1-g345015fe64 (webtiles) character file.

140 Lorindel the Charmwright (level 5, -3/41 HPs)
             Began as a Barachi Skald on May 11, 2018.
             Slain by Grinder (9 damage)
             ... while paralysed by Grinder
             ... on level 3 of the Dungeon.
             The game lasted 00:08:18 (2423 turns).

Lorindel the Charmwright (Barachi Skald)            Turns: 2423, Time: 00:08:18

Health: -3/41      AC:  3    Str: 12    XL:     5   Next: 23%
Magic:  0/9        EV:  2    Int: 14    God:
Gold:   93         SH:  0    Dex: 12    Spells: 2/10 levels left

rFire    + . .     SeeInvis .   a - +0 falchion
rCold    . . .     Gourm    .   (no shield)
rNeg     . . .     Faith    .   b - +0 leather armour
rPois    .         Spirit   .   (no helmet)
rElec    .         Reflect  .   (no cloak)
rCorr    .         Harm     .   (no gloves)
MR       .....                  (no boots)
Stlth    +.........             (no amulet)
HPRegen  0.13/turn              i - ring of protection from fire
MPRegen  0.11/turn              (no ring)

@: paralysed, slow
A: +LOS, swims, slowness 1, strong legs 1
a: Hop


You were on level 3 of the Dungeon.
You were not hungry.

You visited 1 branch of the dungeon, and saw 3 of its levels.

You collected 93 gold pieces.

Inventory:

Hand Weapons
 a - a +0 falchion (weapon)
Armour
 b - a +0 leather armour (worn)
Jewellery
 i - a ring of protection from fire (left hand)
Scrolls
 e - 2 scrolls of enchant armour {unknown}
 f - 5 scrolls of remove curse {unknown}
 h - 2 scrolls of teleportation {unknown}
 l - 2 scrolls of identify {unknown}
 o - 3 scrolls of amnesia {unknown}
Potions
 g - a potion of agility
 k - a potion of lignification
 n - a potion of curing {unknown}
Books
 c - a book of Battle

   Spells                             Type                      Level
   a - Infusion                       Charms                       1
   b - Shroud of Golubria             Charms/Translocation         2
   c - Song of Slaying                Charms                       2
   d - Spectral Weapon                Hexes/Charms                 3
   e - Regeneration                   Charms/Necromancy            3
Comestibles
 d - 3 rations
 m - 10 chunks of flesh


   Skills:
 + Level 3.0 Fighting
 + Level 3.0 Long Blades
 + Level 2.0 Armour
 + Level 2.7 Dodging
 + Level 1.1 Stealth
 * Level 3.1 Spellcasting
 * Level 4.1 Charms
 + Level 0.3 Necromancy
 + Level 0.9 Translocations


You had 2 spell levels left.
You knew the following spells:

 Your Spells              Type           Power        Failure   Level  Hunger
a - Infusion              Chrm           ##..         4%          1    #......
b - Song of Slaying       Chrm           ##......     8%          2    ##.....
c - Shroud of Golubria    Chrm/Tloc      #.........   14%         2    ##.....
d - Regeneration          Chrm/Necr      #.........   32%         3    ###....


Dungeon Overview and Level Annotations

Branches:
Dungeon (3/15)

Altars:
Gozag
Makhleb

Annotations:
D:3 Grinder


Innate Abilities, Weirdness & Mutations

Shadows flee at your approach. (+LOS)
You can swim through water.
You cover ground slowly.
You can hop short distances.


Message History

It was a potion of lignification.
You turn into a tree.
Your +0 leather armour melds into your body.
Your roots penetrate the ground.
Your shroud bends Grinder's attack away.
It was a potion of cancellation.
Your magical effects are unravelling.
You feel magically purged.
You feel less wooden.
Your +0 leather armour unmelds from your body.
You feel a little less agile now.
Your shroud unravels.
You are no longer magically infusing your attacks.
Grinder gestures at you.
You suddenly lose the ability to move!
Grinder hits you but does no damage. Grinder hits you.
* * * LOW HITPOINT WARNING * * *
You writhe in agony.
* * * LOW HITPOINT WARNING * * *
Grinder hits you!
You die...

.# .####..
##########.......
#......5@.....(..
#.####..##.####.#
#.# #.......# #
#.# #.......##.##
#.# #............
#.####.#.)...#...
#......#.....# #.
#...######)###
##..# #)#


You could see Grinder.

Vanquished Creatures
  An orc wizard (D:3)
  3 adders
  An ooze (D:2)
  A worm (D:2)
  5 dart slugs (D:2)
  4 leopard geckos
  3 orcs (D:3)
  2 bats (D:2)
  3 giant cockroaches
  8 goblins
  5 hobgoblins
  10 jackals
  5 frilled lizards (D:1)
  8 kobolds
  4 rats
63 creatures vanquished.

Notes
Turn   | Place    | Note
-------+----------+-------------------------------------------
     0 | D:1      | Lorindel the Barachi Skald began the quest for the Orb.
     0 | D:1      | Reached XP level 1. HP: 17/17 MP: 3/3
    37 | D:1      | Reached XP level 2. HP: 15/23 MP: 0/5
   335 | D:1      | Learned a level 2 spell: Song of Slaying
   338 | D:1      | Learned a level 2 spell: Shroud of Golubria
   592 | D:1      | Reached XP level 3. HP: 28/28 MP: 3/6
  1320 | D:2      | Found a burning altar of Makhleb.
  1320 | D:2      | Noticed a green death
  1323 | D:2      | Noticed a neqoxec
  1323 | D:2      | Noticed a neqoxec
  1607 | D:2      | Reached skill level 1 in Stealth
  1678 | D:2      | Reached XP level 4. HP: 34/34 MP: 5/8
  1683 | D:2      | Learned a level 3 spell: Regeneration
  1716 | D:2      | Found an opulent altar of Gozag.
  2206 | D:3      | Reached skill level 4 in Charms
  2210 | D:3      | Reached XP level 5. HP: 30/41 MP: 0/9
  2397 | D:3      | Noticed Grinder
  2414 | D:3      | Paralysed by Grinder for 2 turns
  2420 | D:3      | Paralysed by Grinder for 5 turns
  2423 | D:3      | Slain by Grinder

Skill      XL: |  1  2  3  4  5 |
---------------+----------------+-----
Stealth        | 1 |  1.1
Armour         | 2 |  2.0
Spellcasting   | 3 |  3.1
Fighting       | 3 |  3.0
Charms         | 4 |  4.1
Long Blades    | 3 |  3.0
Dodging        | |  2.7
Necromancy     | |  0.3
Translocations | |  0.9

Action                   |  1- 3 |  4- 6 || total
-------------------------+-------+-------++-------
Melee: Falchion          |    83 |    69 ||   152
 Cast: Infusion          |    17 |     8 ||    25
       Shroud of Golubri |     3 |     4 ||     7
       Song of Slaying   |       |     1 ||     1
 Abil: Hop               |       |     1 ||     1
  Use: Potion            |       |     3 ||     3
 Stab: Sleeping          |     1 |     2 ||     3
  Eat: Chunk             |     3 |     4 ||     7
Armor: Leather armour    |    21 |    13 ||    34
Dodge: Dodged            |    64 |    55 ||   119
       Rpst.: Falchion   |    25 |    20 ||    45
